Map: Redshift LE

Players

RozeEagle - Winner!

  • Race: Protoss Protoss
  • League: Master
  • Spawn Location: 7:00

DIRT

  • Race: Protoss Protoss
  • League: Master
  • Spawn Location: 11:00

VOD

https://www.youtube.com/watch?v=PLN2Ok3WjwY

Description

2018 How to counter PvP cannon rush in SC2 Legacy of the Void. Masters level replay.

Time

  • Played on: July 22, 2018, 7:29 p.m.
  • Length: 10:54
Show
View Real Time Build Order
Export as new Build Order

RozeEagle Protoss - Winner!

Build Orders:  

Get SALT Encoding   

  1  0:00  Probe  
  13  0:07  Probe  
  14  0:19  Pylon, Probe  
  15  0:37  Probe  
  15  0:40  Gateway  
  16  0:45  Assimilator  
  16  0:49  Probe  
  17  0:55  Assimilator  
  17  1:15  Pylon  
  17  1:18  Zealot  
  17  1:24  Forge  
  17  1:26  Probe  
  20  1:38  Probe  
  21  1:48  Pylon  
  21  1:52  Zealot  
  23  1:59  Photon Cannon  
  23  2:08  Photon Cannon  
  23  2:19  Photon Cannon  
  23  2:31  Gateway  
  23  2:33  Probe  
  24  2:53  Probe  
  24  2:56  Pylon  
  24  2:57  Gateway  
  25  3:05  Probe  
  26  3:18  Cybernetics Core  
  26  3:19  Probe  
  27  3:33  Probe  
  29  3:52  Nexus  
  28  3:56  Warp Gate  
  28  3:59  Stargate  
  28  4:08  Probe  
  29  4:16  Stalker  
  31  4:17  Stalker  
  33  4:26  Probe  
  33  4:31  Pylon, Oracle  
  34  4:45  Probe  
  38  4:53  Stalker  
  38  4:56  Oracle  
  38  4:57  Pylon, Probe  
  41  5:11  Probe  
  45  5:14  Probe  
  46  5:36  Probe  
  46  5:40  Gateway  
  46  5:42  Gateway, Shield Battery  
  47  5:44  Gateway  
  46  6:01  Probe  
  46  6:03  Stalker x2  
  48  6:05  Pylon  
  45  6:21  Pylon  
  45  6:23  Shield Battery  
  45  6:29  Stalker x2  
  49  6:37  Pylon  
  49  6:39  Pylon  
  49  6:41  Pylon  
  49  6:49  Stalker x3  
  49  6:54  Pylon x2  
  55  6:57  Stalker x2  
  59  7:03  Probe x2  
  59  7:05  Gateway  
  59  7:06  Pylon  
  61  7:14  Stalker x2  
  61  7:15  Stalker  
  67  7:28  Stalker  
  67  7:29  Stalker  
  71  7:34  Robotics Facility  
  71  7:47  Twilight Council  
  71  7:50  Shield Battery  
  71  7:54  Probe x2  
  71  7:57  Assimilator  
  73  8:01  Assimilator  
  71  8:06  Pylon  
  71  8:13  Stalker x3  
  77  8:28  Stalker  
  77  8:30  Probe  
  77  8:31  Probe  
  80  8:39  Probe  
  81  8:42  Probe  
  71  8:52  Stalker x4  
  71  8:53  Stalker  
  73  9:02  Warp Prism  
  67  9:17  Probe x2  
  65  9:26  Stalker x4  
  65  9:29  Probe  
  70  9:51  Stalker  
  70  9:52  Stalker x4  
  78  9:54  Stalker  
  80  10:06  Nexus  
  78  10:08  Pylon  
  74  10:33  Stalker  
  74  10:34  Stalker x5  
Show
View Real Time Build Order
Export as new Build Order

DIRT Protoss 

Build Orders: Cannon Rush 

Get SALT Encoding   

  1  0:00  Probe  
  12  0:05  Probe  
  14  0:17  Pylon  
  14  0:21  Probe  
  15  0:35  Probe  
  16  0:37  Forge  
  16  0:47  Probe  
  17  1:06  Pylon  
  17  1:08  Pylon  
  17  1:10  Pylon  
  17  1:24  Photon Cannon  
  17  1:27  Photon Cannon  
  17  1:40  Photon Cannon  
  17  1:52  Photon Cannon  
  17  2:02  Photon Cannon  
  17  2:09  Photon Cannon  
  17  2:15  Photon Cannon  
  17  2:21  Photon Cannon  
  17  2:43  Pylon  
  17  2:47  Nexus  
  17  2:49  Assimilator  
  16  3:01  Gateway  
  16  3:02  Assimilator  
  16  3:09  Probe  
  16  3:17  Probe  
  18  3:27  Probe  
  19  3:36  Probe  
  19  3:40  Pylon  
  20  3:44  Probe  
  20  3:52  Cybernetics Core  
  21  4:01  Probe  
  22  4:05  Probe  
  22  4:07  Pylon  
  23  4:13  Probe x2  
  25  4:30  Stargate  
  25  4:32  Stargate  
  25  4:48  Probe  
  25  4:49  Probe  
  27  4:55  Pylon  
  27  4:56  Probe  
  27  4:57  Assimilator  
  27  4:59  Assimilator  
  27  5:01  Probe  
  27  5:04  Shield Battery, Void Ray  
  29  5:12  Void Ray  
  29  5:13  Probe  
  32  5:29  Probe x2  
  30  5:41  Probe x2  
  32  5:53  Probe  
  32  5:56  Probe  
  33  6:04  Probe  
  33  6:05  Probe  
  35  6:12  Probe  
  35  6:17  Probe  
  37  6:20  Probe, Void Ray  
  42  6:27  Oracle  
  42  6:29  Probe  
  42  6:30  Probe  
  47  6:41  Probe  
  47  6:42  Probe  
  49  6:54  Probe x2  
  50  6:58  Shield Battery  
  51  7:06  Probe x2  
  51  7:07  Pylon  
  53  7:18  Pylon, Probe  
  53  7:20  Void Ray  
  54  7:25  Probe  
  54  7:27  Void Ray  
  54  7:28  Pylon  
  59  7:30  Probe  
  60  7:58  Void Ray  
  60  8:04  Void Ray  
  68  8:23  Nexus  
  68  8:25  Pylon  
  68  8:48  Nexus, Void Ray  
  60  8:51  Void Ray  
  53  9:29  Shield Battery  
  53  9:31  Shield Battery, Void Ray  
  47  9:46  Shield Battery  
  47  9:48  Shield Battery  
  47  9:49  Void Ray  
Tags
 
Matchup
PvP
Spawn Locations
Close Positions
Add a new tag
Caveats
  • Supply blocks, unpowered buildings, or Contaminate may cause inaccurate times.
  • Supply counts are checked every 10 seconds.